 Dungeon Crawl Stone Soup version 0.25.0-8-gfd19cd77bd (webtiles) character file.

Game seed: 5556672465848588279

1351 Froggeryz the Firebug (level 8, 0/61 HPs)
             Began as a Hill Orc Fire Elementalist on June 16, 2020.
             Was an Initiate of Vehumet.
             Slain by a gnoll zombie (2 damage)
             ... in an ossuary.
             The game lasted 00:15:44 (8379 turns).

Froggeryz the Firebug (Hill Orc Fire Elementalist)  Turns: 8379, Time: 00:15:45

Health: 0/61       AC:  6    Str: 12    XL:     8   Next: 63%
Magic:  7/11       EV: 12    Int: 16    God:    Vehumet [......]
Gold:   440        SH:  0    Dex: 11    Spells: 6/11 levels left

rFire    + . .     SeeInvis .   y - +0 halberd
rCold    . . .     Gourm    .   (shield currently unavailable)
rNeg     . . .     Faith    .   C - +2 leather armour {rF+}
rPois    .         Spirit   .   (no helmet)
rElec    .         Reflect  .   h - +0 cloak
rCorr    .         Harm     .   (no gloves)
MR       .....                  (no boots)
Stlth    +.........             o - amulet of the acrobat
HPRegen  0.20/turn              (no ring)
MPRegen  0.12/turn              (no ring)

@: no status effects
A: no striking features
a: Renounce Religion


You were in an ossuary.
You worshipped Vehumet.
Vehumet was noncommittal.
You were not hungry.

You visited 2 branches of the dungeon, and saw 8 of its levels.
You also visited: Ossuary.

You collected 440 gold pieces.

Inventory:

Hand Weapons
 l - a +0 trident
 q - a +0 hunting sling
 y - a +0 halberd (weapon)
Missiles
 r - 80 sling bullets
Armour
 a - a +0 robe
 h - a +0 cloak (worn)
 C - a +2 leather armour of fire resistance (worn)
Jewellery
 o - an amulet of the acrobat (around neck)
Wands
 t - a wand of random effects (23)
 z - a wand of enslavement (16)
 F - a wand of polymorph (7)
Scrolls
 b - 2 scrolls of immolation {unknown}
 d - 4 scrolls of identify {unknown}
 e - 3 scrolls of teleportation {unknown}
 i - a scroll of fog {unknown}
 j - 2 scrolls of remove curse
 n - 4 scrolls of amnesia {unknown}
 p - 2 scrolls of blinking {unknown}
 s - a scroll of fear {unknown}
 v - 2 scrolls of magic mapping {unknown}
 w - 2 scrolls of enchant armour {unknown}
 B - a scroll of enchant weapon {unknown}
Potions
 g - 2 potions of lignification
 k - a potion of haste
 m - a potion of degeneration {unknown}
 u - a potion of berserk rage {unknown}
 x - a potion of brilliance
 A - a potion of flight {unknown}
 E - 2 potions of ambrosia {unknown}
Comestibles
 c - 7 rations


   Skills:
 - Level 2.2 Fighting
 + Level 4.8 Polearms
 - Level 3.1 Dodging
 - Level 1.5 Stealth
 - Level 2.2 Spellcasting
 + Level 5.0 Conjurations
 - Level 7.4 Fire Magic


You had 6 spell levels left.
You knew the following spells:

 Your Spells              Type           Power        Failure   Level  Hunger
a - Foxfire               Conj/Fire      ###.         1%          1    #......
b - Sticky Flame          Conj/Fire      ###.....     21%         4    #####..

Your spell library contained the following spells:

 Spells                   Type           Power        Failure   Level  Hunger
 Conjure Flame            Conj/Fire      ###.....     6%          3    ###....
 Inner Flame              Hex/Fire       ##......     17%         3    ###....
 Fireball                 Conj/Fire      ###.......   50%         5    ######.


Dungeon Overview and Level Annotations

Branches:
Dungeon (7/15)             Temple (1/1) D:5         Ossuary (1/1)

Altars:
Ashenzari
Dithmenos
Elyvilon
Fedhas
Gozag
Hepliaklqana
Kikubaaqudgha
Makhleb
Nemelex Xobeh
Okawaru
Qazlal
Ru
Sif Muna
Trog
Uskayaw
Vehumet
Wu Jian
Xom
Yredelemnul
Zin

Annotations:
D:2 1 runed translucent door, Crazy Yiuf


Message History

The hound zombie bites you.
* * * LOW HITPOINT WARNING * * *
The human zombie hits you.
* * * LOW HITPOINT WARNING * * *
The gnoll zombie hits you.
* * * LOW HITPOINT WARNING * * *
The big kobold zombie hits you but does no damage.
The big kobold zombie barely misses you.
The elf zombie hits you.
* * * LOW HITPOINT WARNING * * *
Unknown command.
Okay, then.
Unknown command.
As you read the scroll labeled XEOBAF TAOLOVI, it crumbles to dust.
You feel blessed for a moment.
It was a scroll of remove curse.
The hound zombie barely misses you. x2; The orc zombie barely misses you.
The human zombie completely misses you. The big kobold zombie hits you.
* * * LOW HITPOINT WARNING * * *
The hound zombie misses you. The gnoll zombie hits you.
You die...

...............
...............
...............
...............
...............
...............
......ZZZ......
.....ZZ@ZZ.....
......ZZZ......
.......Z.......
...............
...............
...............
...............
...............


You could see 2 hound zombies, a gnoll zombie, a kobold zombie, 4 big kobold
zombies, an orc zombie, an elf zombie and a human zombie.

Vanquished Creatures
  Edmund (D:6)
  2 ogres
  A sky beast (D:4)
  A bullfrog (D:6)
  3 scorpions
  5 crimson imps
  A hound (D:5)
  2 orc wizards
  A centaur skeleton (D:4)
  An iguana (D:6)
  Ijyb (D:4)
  Natasha (twice) (D:3)
  2 worker ants
  8 gnolls
  A howler monkey skeleton (D:4)
  8 adders
  A shadow imp (D:5)
  2 worms
  6 dart slugs
  5 leopard geckos
  25 orcs
  7 bats
  4 giant cockroaches
  11 goblins
  8 hobgoblins
  13 jackals
  4 quokkas
  A ball python skeleton (D:6)
  8 frilled lizards
  11 kobolds
  A kobold zombie (Ossuary)
  A leopard gecko skeleton (D:4)
  6 rats
  A fungus (D:2)
155 creatures vanquished.

Vanquished Creatures (others)
  A human (D:4)
  239 foxfires
240 creatures vanquished.

Grand Total: 395 creatures vanquished

Notes
Turn   | Place    | Note
-------+----------+-------------------------------------------
     0 | D:1      | Froggeryz the Hill Orc Fire Elementalist began the quest
                  | for the Orb.
     0 | D:1      | Reached XP level 1. HP: 14/14 MP: 3/3
   380 | D:1      | Reached skill level 4 in Fire Magic
   380 | D:1      | Reached XP level 2. HP: 14/20 MP: 0/4
  1201 | D:1      | Reached XP level 3. HP: 20/26 MP: 0/5
  1894 | D:2      | Reached skill level 5 in Fire Magic
  2319 | D:2      | Found a runed translucent door.
  2320 | D:2      | Noticed Crazy Yiuf
  2361 | D:3      | Reached XP level 4. HP: 33/33 MP: 6/6
  2429 | D:3      | Reached skill level 1 in Polearms
  2896 | D:3      | Reached XP level 5. HP: 24/38 MP: 3/7
  3243 | D:3      | Reached skill level 6 in Fire Magic
  4166 | D:3      | Reached XP level 6. HP: 22/45 MP: 3/8
  4642 | D:4      | Found an ancient bone altar of Kikubaaqudgha.
  4707 | D:4      | Reached skill level 1 in Fighting
  4989 | D:4      | Reached skill level 7 in Fire Magic
  5194 | D:4      | Noticed Natasha
  5214 | D:3      | Killed Natasha
  5219 | D:3      | Noticed Natasha
  5233 | D:3      | Killed Natasha
  5490 | D:4      | Learned a level 4 spell: Sticky Flame
  5546 | D:4      | Reached XP level 7. HP: 55/55 MP: 2/9
  6177 | D:4      | Noticed a human
  6178 | D:4      | Killed a human
  6342 | D:5      | Entered Level 5 of the Dungeon
  6874 | D:5      | Found a staircase to the Ecumenical Temple.
  6988 | Temple   | Entered the Ecumenical Temple
  7123 | Temple   | Became a worshipper of Vehumet
  7164 | D:5      | Noticed Ijyb
  7176 | D:4      | Killed Ijyb
  7249 | D:5      | Reached XP level 8. HP: 47/61 MP: 11/11
  7583 | D:6      | Noticed Edmund
  7595 | D:6      | Killed Edmund
  8099 | D:6      | Reached skill level 5 in Conjurations
  8348 | D:7      | Found a sand-covered staircase.
  8353 | Ossuary  | Entered an ossuary
  8372 | Ossuary  | HP: 2/61 [big kobold zombie (5)]
  8378 | Ossuary  | HP: 3/61 [elf zombie (1)]
  8379 | Ossuary  | Slain by a gnoll zombie

Illustrated notes

Levels and vault maps discovered:
D:1:      psy_arrival_conway, layout_loops_corners, minmay_misc_feat_enclosed
D:2:      layout_rooms, uniq_crazy_yiuf_cottage
D:3:      corexii_shack_village, layout_basic
D:4:      layout_rooms, first_ration, tgw_kikubaaqudgha, uniq_natasha
D:5:      layout_rooms, minmay_temple_entry_statues_pillars, uniq_ijyb
D:6:      wander_guarded_unrand_ratskin, layout_layer_cave, tso_metal_star,
          uniq_edmund
D:7:      minmay_skewed_foursquare, layout_rooms, kennysheep_mini_moat,
          nicolae_ossuary_entry_false_entrances
Temple:   regret_index_temple_chain_breaker
Ossuary:  ossuary_minmay_tomb_2a

Skill      XL: |  1  2  3  4  5  6  7  8 |
---------------+-------------------------+-----
Fire Magic     | 4 5 6 7 |  7.4
Polearms       | 1 2 4 |  4.8
Fighting       | 2 |  2.2
Dodging        | 2 3 |  3.1
Conjurations   | 3 5 |  5.0
Spellcasting   | 2 |  2.2
Stealth        | |  1.5

Action                   |  1- 3 |  4- 6 |  7- 9 || total
-------------------------+-------+-------+-------++-------
Melee: Unarmed           |    46 |       |       ||    46
       Trident           |    36 |   205 |    72 ||   313
       Halberd           |       |       |   164 ||   164
 Cast: Foxfire           |    48 |    85 |    39 ||   172
       Sticky Flame      |       |     1 |     7 ||     8
Evoke: Wand              |       |       |     1 ||     1
  Use: Potion            |       |     5 |     1 ||     6
       Scroll            |       |       |     1 ||     1
 Stab: Sleeping          |     7 |     2 |     4 ||    13
  Eat: Chunk             |     6 |     9 |    13 ||    28
       Ration            |       |     1 |       ||     1
Armor: Robe              |    17 |    44 |    23 ||    84
       Skin              |       |    25 |       ||    25
       Leather armour    |       |       |    78 ||    78
Dodge: Dodged            |    67 |   195 |   247 ||   509
